[Event "January 9 Early 2024"]
[Site "https://www.chess.com"]
[Date "2024.01.11"]
[Round "10"]
[White "Coca Cubillos, Jesus Alberto"]
[Black "Gavrilov, Maxim"]
[Result "0-1"]
[Board "72"]
[TimeControl "180+1"]
[WhiteFideId "4462912"]
[BlackFideId "24271454"]
[WhiteElo "2554"]
[BlackElo "2466"]
[WhiteTeam "COL"]
[BlackTeam "RUS"]
[WhiteClock "0:00:57"]
[BlackClock "0:00:23"]

1. f4 d5 2. Nf3 Nf6 3. g3 c5 4. Bg2 Nc6 5. d3 g6 6. O-O Bg7 7. c3 O-O 8. Qc2 Nd7 9. e4 dxe4 10. dxe4 b6 11. Be3 Bb7 12. Nbd2 Qc7 13. e5 e6 14. Ne4 Ne7 15. Nd6 Nf5 16. Nxf5 exf5 17. Rad1 Rfd8 18. Ng5 Nf8 19. Qa4 Bxg2 20. Kxg2 h6 21. Nf3 Ne6 22. Rxd8+ Rxd8 23. Rd1 Rxd1 24. Qxd1 Bf8 25. h3 Be7 26. Qd2 h5 27. g4 hxg4 28. hxg4 fxg4 29. Nh2 Qc6+ 30. Kg3 Qh1 31. Kxg4 Kg7 32. f5 Qe4+ 33. Kh3 Qxf5+ 34. Kg2 Qxe5 35. Nf3 Qe4 36. Bh6+ Kh7 37. Be3 Qg4+ 38. Kf2 Bh4+ 39. Nxh4 Qxh4+ 40. Kf3 Qh3+ 41. Kf2 Qh2+ 42. Kf3 Qxd2 43. Bxd2 f5 44. b4 g5 45. a4 Kg6 46. a5 bxa5 47. bxc5 Nxc5 48. Be3 Ne4 49. c4 a4 50. Bxa7 a3 51. Bd4 Nd2+ 0-1

[Event "January 9 Early 2024"]
[Site "https://www.chess.com"]
[Date "2024.01.11"]
[Round "10"]
[White "Iturrizaga Bonelli, Eduardo"]
[Black "Aronian, Levon"]
[Result "1/2-1/2"]
[Board "73"]
[TimeControl "180+1"]
[WhiteFideId "3901211"]
[BlackFideId "13300474"]
[WhiteElo "3029"]
[BlackElo "3096"]
[WhiteTeam "ESP"]
[BlackTeam "USA"]
[WhiteClock "0:00:05"]
[BlackClock "0:00:55"]

1. c4 e5 2. g3 Nf6 3. Bg2 d5 4. cxd5 Nxd5 5. Nf3 Nc6 6. O-O Nb6 7. b3 Be6 8. Bb2 f6 9. Nc3 Qd7 10. Qc1 O-O-O 11. d4 Nxd4 12. Nxd4 exd4 13. Ne4 Bh3 14. Rd1 Bxg2 15. Kxg2 Qe6 16. Qc2 Re8 17. Rxd4 Kb8 18. Rad1 Be7 19. b4 Rd8 20. Nc5 Qc6+ 21. f3 Rxd4 22. Bxd4 g6 23. Na6+ Kc8 24. Qxc6 bxc6 25. Bc5 Nd5 26. e4 Bxc5 27. exd5 Bb6 28. dxc6 Re8 29. Rd2 Re6 30. b5 Re3 31. a4 Ra3 32. Re2 Kd8 33. Rd2+ Kc8 34. Rd7 Rxa4 35. Rxh7 Kd8 36. Rd7+ Kc8 37. Rf7 Kd8 38. Rxf6 Ra5 39. Rxg6 Rxb5 40. Rg7 Ra5 41. Rd7+ Kc8 42. Nb4 Rc5 43. Rd5 Rc4 44. Rb5 Bc5 45. Na6 Bb6 46. Nb4 Bc5 47. Na6 Bb6 48. Nb4 1/2-1/2

[Event "January 9 Early 2024"]
[Site "https://www.chess.com"]
[Date "2024.01.11"]
[Round "10"]
[White "Dyulgerov, Volen"]
[Black "Kornyukov, Alexey"]
[Result "0-1"]
[Board "74"]
[TimeControl "180+1"]
[WhiteFideId "2918978"]
[BlackFideId "4150457"]
[WhiteElo "2360"]
[BlackElo "2269"]
[WhiteTeam "BUL"]
[BlackTeam "RUS"]
[WhiteClock "0:00:01"]
[BlackClock "0:00:17"]

1. e4 c5 2. Nf3 Nc6 3. d4 cxd4 4. c3 dxc3 5. Bc4 cxb2 6. Bxb2 e6 7. O-O Nge7 8. Nc3 d6 9. Re1 Ng6 10. Nd5 exd5 11. exd5+ Nce5 12. Nxe5 dxe5 13. f4 Bc5+ 14. Kh1 O-O 15. fxe5 Qh4 16. Rc1 Bf2 17. e6 Bg3 18. h3 Bxe1 19. Qxe1 Qxe1+ 20. Rxe1 fxe6 21. dxe6 Ne7 22. Ba3 Re8 23. Rf1 Ng6 24. e7+ Kh8 25. Bf7 Bxh3 0-1

[Event "January 9 Early 2024"]
[Site "https://www.chess.com"]
[Date "2024.01.11"]
[Round "10"]
[White "Kostiukov, Alexandr"]
[Black "Carrillo Marval, Maria Angelica"]
[Result "1-0"]
[Board "75"]
[TimeControl "180+1"]
[WhiteFideId "14108100"]
[BlackFideId "3911853"]
[WhiteElo "2286"]
[BlackElo "2086"]
[WhiteTeam "UKR"]
[BlackTeam "PAN"]
[WhiteClock "0:00:36"]
[BlackClock "0:00:19"]

1. c4 Nf6 2. Nf3 g6 3. g3 Bg7 4. Bg2 O-O 5. O-O d6 6. d4 Re8 7. Nc3 Nbd7 8. e4 e5 9. h3 exd4 10. Nxd4 a6 11. Re1 Nc5 12. Nb3 Nxb3 13. axb3 Rb8 14. Be3 Be6 15. Ba7 Ra8 16. Bd4 Rb8 17. Qc2 Qd7 18. Kh2 c5 19. Be3 b5 20. Nd5 Bxd5 21. cxd5 Ra8 22. Ra5 Re7 23. Rea1 Qb7 24. b4 Nd7 25. bxc5 Nxc5 26. Bxc5 dxc5 27. d6 Rd7 28. e5 Qc8 29. Bxa8 Qxa8 30. Rxa6 Qd5 31. Ra8+ Bf8 32. f4 Kg7 33. h4 h6 34. R1a7 Rxa7 35. Rxa7 c4 36. Qg2 Qc5 37. Rc7 Qb6 38. Rb7 Qc5 39. d7 Be7 40. e6 fxe6 41. d8=Q Kf7 42. Rxe7+ 1-0

[Event "January 9 Early 2024"]
[Site "https://www.chess.com"]
[Date "2024.01.11"]
[Round "10"]
[White "Nakamura, Hikaru"]
[Black "Keymer, Vincent"]
[Result "0-1"]
[Board "76"]
[TimeControl "180+1"]
[WhiteFideId "2016192"]
[BlackFideId "12940690"]
[WhiteElo "3243"]
[BlackElo "3048"]
[WhiteTeam "USA"]
[BlackTeam "GER"]
[WhiteClock "0:00:11"]
[BlackClock "0:00:41"]

1. Nf3 Nf6 2. g3 c5 3. Bg2 Nc6 4. e3 d5 5. d4 cxd4 6. Nxd4 e5 7. Nxc6 bxc6 8. b3 Bg4 9. Qd3 Bd6 10. Bb2 O-O 11. h3 Be6 12. Nd2 a5 13. c4 a4 14. O-O Qd7 15. h4 h6 16. cxd5 cxd5 17. Rfc1 Rfb8 18. Qe2 Bg4 19. Qf1 a3 20. Bc3 Rc8 21. Qd3 Ra7 22. Rc2 Bf5 23. e4 dxe4 24. Nxe4 Bb4 25. Qe2 Bxe4 26. Bxe4 Bxc3 27. Rd1 Bd4 28. Bd3 Rxc2 29. Qxc2 Rc7 30. Bc4 Qg4 31. Kg2 Qe4+ 32. Qxe4 Nxe4 33. f4 Nc3 34. Rd2 g6 35. fxe5 Bxe5 36. Rc2 h5 37. Kf3 Kg7 38. Ke3 Rd7 39. b4 Rc7 40. Kd3 Rd7+ 41. Ke3 Rb7 42. b5 Nxb5 43. Bd5 0-1

[Event "January 9 Early 2024"]
[Site "https://www.chess.com"]
[Date "2024.01.11"]
[Round "10"]
[White "Olenik Campa, Rudi"]
[Black "Csonka, Balazs"]
[Result "1-0"]
[Board "77"]
[TimeControl "180+1"]
[WhiteFideId "14633264"]
[BlackFideId "742910"]
[WhiteElo "2574"]
[BlackElo "2687"]
[WhiteTeam "SLO"]
[BlackTeam "HUN"]
[WhiteClock "0:01:13"]
[BlackClock "0:00:08"]

1. e4 c5 2. Nf3 e6 3. c4 Nc6 4. Be2 g5 5. d3 h6 6. Nc3 Bg7 7. Be3 d6 8. h3 Nd4 9. Qd2 Ne7 10. Rb1 Nec6 11. O-O O-O 12. Nh2 f5 13. exf5 exf5 14. f4 Nxe2+ 15. Nxe2 g4 16. hxg4 fxg4 17. d4 Bf5 18. Rbd1 b6 19. dxc5 dxc5 20. Ng3 Qxd2 21. Rxd2 Bh7 22. Nxg4 Rad8 23. Rfd1 Bxb2 24. Nxh6+ Kg7 25. Ng4 Rxd2 26. Rxd2 Bc3 27. Rd7+ Rf7 28. Rd6 Nd4 29. Nh5+ Kf8 30. Nhf6 Bd3 31. Rd8+ Ke7 32. Re8+ Kd6 33. f5 Nxf5 34. Bf4+ Kc6 35. Rc8+ Kb7 36. Rb8+ Ka6 37. Nd5 Bxc4 38. Nxc3 Nd4 39. g3 Nc6 40. Rc8 Nb4 41. a3 Nd3 42. Ne2 Nxf4 43. Nxf4 Ka5 44. Ne5 Rg7 45. Nxc4+ Kb5 46. Nd6+ Ka4 47. Kf2 Kxa3 48. Kf3 a5 49. g4 a4 50. Nf5 Rh7 51. g5 b5 52. g6 Rh1 53. g7 Rf1+ 54. Kg4 Rg1+ 55. Ng3 1-0

[Event "January 9 Early 2024"]
[Site "https://www.chess.com"]
[Date "2024.01.11"]
[Round "10"]
[White "Galchenko, Matvey"]
[Black "Duda, Jan-Krzysztof"]
[Result "1/2-1/2"]
[Board "78"]
[TimeControl "180+1"]
[WhiteFideId "24175480"]
[BlackFideId "1170546"]
[WhiteElo "2943"]
[BlackElo "3072"]
[WhiteTeam "FID"]
[BlackTeam "POL"]
[WhiteClock "0:00:04"]
[BlackClock "0:00:34"]

1. e4 e6 2. d4 d5 3. e5 c5 4. c3 Bd7 5. Nf3 Qb6 6. Be2 cxd4 7. cxd4 Bb5 8. Nc3 Bxe2 9. Nxe2 Bb4+ 10. Bd2 Nc6 11. O-O Nge7 12. a3 Bxd2 13. Qxd2 Na5 14. Qg5 Ng6 15. Ng3 Nb3 16. Rad1 O-O 17. h4 h6 18. Qg4 Rfc8 19. Nh5 Rc2 20. Nxg7 Kxg7 21. h5 Qc6 22. Nh4 Qe8 23. hxg6 fxg6 24. Rd3 Nd2 25. Qe2 Qd8 26. g3 Qg5 27. f4 Qh5 28. Qg2 g5 29. fxg5 hxg5 30. Rxd2 Rxd2 31. Qxd2 gxh4 32. Qf4 hxg3 33. Qf6+ Kh7 34. Qe7+ Kh8 35. Qf6+ Kh7 36. Qe7+ Kh8 37. Qf6+ Kh7 1/2-1/2

[Event "January 9 Early 2024"]
[Site "https://www.chess.com"]
[Date "2024.01.11"]
[Round "10"]
[White "Bortnyk, Olexandr"]
[Black "Bjerre, Jonas Buhl"]
[Result "1-0"]
[Board "79"]
[TimeControl "180+1"]
[WhiteFideId "14120828"]
[BlackFideId "1444948"]
[WhiteElo "3119"]
[BlackElo "2970"]
[WhiteTeam "UKR"]
[BlackTeam "DEN"]
[WhiteClock "0:00:40"]
[BlackClock "0:00:03"]

1. d4 Nf6 2. Nc3 d5 3. Bf4 c5 4. e4 e6 5. Nb5 Na6 6. e5 Nd7 7. Nf3 cxd4 8. Nbxd4 Be7 9. c3 Nab8 10. Bd3 Nc6 11. Qe2 g5 12. Bg3 g4 13. Nd2 h5 14. h3 h4 15. hxg4 Qb6 16. N2f3 Nc5 17. Bb5 Bd7 18. Bxh4 Nxd4 19. Bxd7+ Kxd7 20. cxd4 Qb4+ 21. Kf1 Bxh4 22. a3 Qa4 23. Rxh4 Rxh4 24. Nxh4 Qxd4 25. Rd1 Qa4 26. Nf3 Ke7 27. Rd4 Qa6 28. Qxa6 bxa6 29. Nd2 Rc8 30. Ke2 Nd7 31. f4 Rc2 32. Rb4 Nc5 33. Kd1 a5 34. Rb5 a6 35. Rb6 Nd7 36. Rxe6+ Kxe6 37. Kxc2 d4 38. Ne4 Kd5 39. Nf6+ Nxf6 40. exf6 Ke4 41. g5 Ke3 42. Kd1 1-0

[Event "January 9 Early 2024"]
[Site "https://www.chess.com"]
[Date "2024.01.11"]
[Round "10"]
[White "Piesik, Piotr"]
[Black "Shohat, Yotam"]
[Result "1-0"]
[Board "80"]
[TimeControl "180+1"]
[WhiteFideId "1136194"]
[BlackFideId "2813955"]
[WhiteElo "2674"]
[BlackElo "2459"]
[WhiteTeam "CZE"]
[BlackTeam "ISR"]
[WhiteClock "0:00:59"]
[BlackClock "0:00:02"]

1. Nf3 Nf6 2. g3 g6 3. Bg2 Bg7 4. O-O O-O 5. d4 d6 6. Nbd2 Nbd7 7. e4 e5 8. dxe5 Nxe5 9. Nxe5 dxe5 10. Qe2 Bg4 11. f3 Be6 12. Nb3 b6 13. Be3 Nd7 14. Rfd1 Qe7 15. Nd2 Rfd8 16. Qb5 Bf8 17. Nb3 a6 18. Qc6 Rac8 19. Bf1 Nb8 20. Qb7 a5 21. a4 Rxd1 22. Rxd1 Rd8 23. Rxd8 Qxd8 24. Nd2 Nd7 25. Bb5 Bc5 26. Nf1 Bxe3+ 27. Nxe3 Nc5 28. Qc6 Qd4 29. Kf2 Qxb2 30. Qxc7 Qd4 31. Ke2 Qc3 32. Qxb6 Qb4 33. Qd8+ Kg7 34. Qd2 Qb1 35. Qxa5 Qg1 36. Qc3 Qxh2+ 37. Kf1 Qh1+ 38. Kf2 Qh2+ 39. Ng2 Bh3 40. Qxe5+ Kg8 41. Bf1 Ne6 42. a5 Qh1 43. a6 Bxg2 44. Bxg2 Qc1 45. Qc3 Qd1 46. a7 Qd8 47. Qb4 Kg7 48. f4 1-0

[Event "January 9 Early 2024"]
[Site "https://www.chess.com"]
[Date "2024.01.11"]
[Round "10"]
[White "Kanyamarala, Trisha"]
[Black "Kolmagorov, Alexey"]
[Result "0-1"]
[Board "81"]
[TimeControl "180+1"]
[WhiteFideId "45004722"]
[BlackFideId "34129402"]
[WhiteElo "2506"]
[BlackElo "2403"]
[WhiteTeam "IRL"]
[BlackTeam "RUS"]
[WhiteClock "0:00:07"]
[BlackClock "0:00:20"]

1. c4 e6 2. Nc3 d5 3. e3 Nf6 4. Nf3 c5 5. cxd5 Nxd5 6. d4 Nxc3 7. bxc3 b6 8. Bb5+ Bd7 9. Bd3 Be7 10. O-O O-O 11. Ne5 Nc6 12. Nxd7 Qxd7 13. dxc5 Rfd8 14. Be2 Bxc5 15. Qc2 Na5 16. a4 Rac8 17. Bb5 Qe7 18. Qe4 Bd6 19. c4 Qc7 20. g3 Nb3 21. Bb2 Nc5 22. Qg4 Be5 23. Bxe5 Qxe5 24. a5 a6 25. Ba4 bxa5 26. Bc2 Rd2 27. Ra2 Qc3 28. Bb1 Rxa2 29. Bxa2 Nd3 30. Bb1 Ne5 31. Qe4 g6 32. f4 Nxc4 33. Re1 Qxe1+ 0-1

[Event "January 9 Early 2024"]
[Site "https://www.chess.com"]
[Date "2024.01.11"]
[Round "10"]
[White "Cori T., Deysi"]
[Black "Herman, Daniel"]
[Result "0-1"]
[Board "82"]
[TimeControl "180+1"]
[WhiteFideId "3801934"]
[BlackFideId "30935008"]
[WhiteElo "2544"]
[BlackElo "2444"]
[WhiteTeam "PER"]
[BlackTeam "USA"]
[WhiteClock "0:00:07"]
[BlackClock "0:00:44"]

1. c4 e5 2. Nc3 Nf6 3. g3 Bb4 4. Qb3 Nc6 5. e3 O-O 6. Bg2 a5 7. Nge2 d6 8. a3 Bc5 9. Nb5 a4 10. Qc2 Bg4 11. f3 Bh5 12. d4 exd4 13. exd4 Bg6 14. Qd1 Bb6 15. O-O Re8 16. Kh1 Na5 17. Nf4 Nxc4 18. Nxg6 hxg6 19. Qd3 d5 20. Bg5 c6 21. Nc3 Nxb2 22. Qc2 Nc4 23. Rfd1 Ne3 24. Bxe3 Rxe3 25. Nxa4 Ba7 26. Qb2 Qe7 27. Nc5 Bxc5 28. dxc5 Re2 29. Qb4 Re8 30. Qc3 Qe3 31. Qxe3 R8xe3 32. Rdb1 Rd2 33. Rxb7 Ree2 34. Rg1 Rc2 35. Rb8+ Kh7 36. Rb7 d4 37. g4 Nd5 38. Rxf7 Ne3 39. Rd7 Nxg2 40. Rxd4 Nf4 41. Rgd1 Rxh2+ 42. Kg1 Rcg2+ 0-1

[Event "January 9 Early 2024"]
[Site "https://www.chess.com"]
[Date "2024.01.11"]
[Round "10"]
[White "Sharapov, Evgeny"]
[Black "Gabrielian, Artur"]
[Result "1-0"]
[Board "83"]
[TimeControl "180+1"]
[WhiteFideId "14103133"]
[BlackFideId "4131002"]
[WhiteElo "2569"]
[BlackElo "2790"]
[WhiteTeam "UKR"]
[BlackTeam "RUS"]
[WhiteClock "0:00:40"]
[BlackClock "0:00:05"]

1. e4 c5 2. Nf3 d6 3. d4 cxd4 4. Nxd4 Nf6 5. f3 e5 6. Nb3 d5 7. Bg5 d4 8. c3 Nc6 9. Bb5 Qb6 10. Bxc6+ bxc6 11. cxd4 Bb4+ 12. Nc3 Ba6 13. dxe5 Nd7 14. Qd4 Qxd4 15. Nxd4 Nxe5 16. a3 Bxc3+ 17. bxc3 f6 18. Be3 Rb8 19. Kf2 Rb2+ 20. Kg3 h5 21. h4 Bd3 22. Rhd1 g5 23. Nxc6 gxh4+ 24. Kh3 Rg8 25. Nxe5 Rgxg2 26. Bf4 fxe5 27. Rxd3 exf4 28. Kxh4 Rg3 29. Rh1 Rf2 30. Rh3 Rg8 31. Rd5 Rc2 32. Rg5 Rxg5 33. Kxg5 Rxc3 34. Kxf4 Rc5 35. e5 Ra5 36. Rxh5 Rxa3 37. Rh7 a5 38. Ra7 a4 39. e6 Ra1 40. Kf5 a3 41. Kf6 1-0

[Event "January 9 Early 2024"]
[Site "https://www.chess.com"]
[Date "2024.01.11"]
[Round "10"]
[White "Bonin, Jay"]
[Black "Lopusiewicz, Piotr"]
[Result "0-1"]
[Board "84"]
[TimeControl "180+1"]
[WhiteFideId "2000644"]
[BlackFideId "1116029"]
[WhiteElo "2320"]
[BlackElo "2475"]
[WhiteTeam "USA"]
[BlackTeam "POL"]
[WhiteClock "0:00:12"]
[BlackClock "0:00:18"]

1. d4 Nf6 2. Nf3 d5 3. c4 e6 4. Nc3 c5 5. cxd5 exd5 6. Bg5 Be6 7. e4 Be7 8. Bb5+ Nc6 9. Ne5 Rc8 10. dxc5 d4 11. Bxc6+ bxc6 12. Ne2 Qa5+ 13. Kf1 Qxc5 14. Qxd4 Qb5 15. a4 Qa6 16. f3 O-O 17. Kf2 Nxe4+ 18. Qxe4 Bxg5 19. Rhd1 Qb6+ 20. Qd4 c5 21. Qc3 Bf6 22. Kg1 Rfe8 23. f4 c4+ 24. Kh1 Qf2 25. Qf3 Qxf3 26. gxf3 Red8 27. Nd4 Bd5 28. Nf5 Bxe5 29. Ne7+ Kf8 30. Nxd5 Bxb2 31. Rab1 c3 32. Nxc3 Bxc3 33. Rxd8+ Rxd8 34. Rb7 a5 35. Kg2 g6 0-1

[Event "January 9 Early 2024"]
[Site "https://www.chess.com"]
[Date "2024.01.11"]
[Round "10"]
[White "Pesotskiy, Mikhail"]
[Black "Korol, Dimitry"]
[Result "1-0"]
[Board "85"]
[TimeControl "180+1"]
[WhiteFideId "34164453"]
[BlackFideId "14108003"]
[WhiteElo "2493"]
[BlackElo "2352"]
[WhiteTeam "RUS"]
[BlackTeam "UKR"]
[WhiteClock "0:00:27"]
[BlackClock "0:00:01"]

1. d4 Nf6 2. c4 c5 3. d5 b5 4. cxb5 a6 5. bxa6 g6 6. Nc3 Bxa6 7. Nf3 d6 8. e4 Bxf1 9. Kxf1 Nbd7 10. g3 Bg7 11. Kg2 O-O 12. a4 Qb8 13. Qe2 Qb4 14. Bd2 Nb6 15. b3 Rfb8 16. Rab1 Qa5 17. Nb5 Qa6 18. Rhc1 Ne8 19. Bc3 Bxc3 20. Nxc3 Nc7 21. Qxa6 Rxa6 22. Nd2 Kf8 23. Nc4 Ke8 24. Nb5 Nxb5 25. axb5 Raa8 26. Ra1 Nd7 27. Ra6 Kd8 28. Rca1 Rxa6 29. bxa6 Kc7 30. a7 Ra8 31. f4 Nb6 32. Kf3 Nxc4 33. bxc4 Kb6 34. Kg4 f6 35. Rb1+ 1-0

[Event "January 9 Early 2024"]
[Site "https://www.chess.com"]
[Date "2024.01.11"]
[Round "10"]
[White "Sarana, Alexey"]
[Black "Ashraf, Artin"]
[Result "0-1"]
[Board "86"]
[TimeControl "180+1"]
[WhiteFideId "24133795"]
[BlackFideId "22514805"]
[WhiteElo "3044"]
[BlackElo "2920"]
[WhiteTeam "SRB"]
[BlackTeam "IRI"]
[WhiteClock "0:00:16"]
[BlackClock "0:00:15"]

1. d4 Nf6 2. c4 e6 3. Nc3 Bb4 4. e3 O-O 5. Bd3 Bxc3+ 6. bxc3 d6 7. e4 e5 8. Nf3 Re8 9. O-O exd4 10. cxd4 Nxe4 11. Re1 Nf6 12. Bg5 Nbd7 13. Qc2 h6 14. Rxe8+ Qxe8 15. Re1 Qd8 16. Bc1 Nf8 17. h3 b6 18. g4 Bb7 19. d5 c6 20. g5 hxg5 21. Bxg5 cxd5 22. Nd4 dxc4 23. Bxc4 Rc8 24. Qd3 Rc5 25. h4 Re5 26. Rd1 Qc8 27. Kh2 Ne4 28. Rc1 Qg4 29. Rg1 Qh5 30. Bd8 Ng6 31. Qb3 Bd5 32. Bxd5 Rxd5 33. Qc3 Nxc3 0-1

[Event "January 9 Early 2024"]
[Site "https://www.chess.com"]
[Date "2024.01.11"]
[Round "10"]
[White "Mizzi, Jack"]
[Black "Golubev, Mikhail"]
[Result "0-1"]
[Board "87"]
[TimeControl "180+1"]
[WhiteFideId "5602521"]
[BlackFideId "14100983"]
[WhiteElo "2498"]
[BlackElo "2623"]
[WhiteTeam "MLT"]
[BlackTeam "UKR"]
[WhiteClock "0:00:01"]
[BlackClock "0:00:22"]

1. d4 Nf6 2. c4 g6 3. g3 Bg7 4. Bg2 O-O 5. Nf3 d6 6. O-O Nbd7 7. Nc3 e5 8. e4 Re8 9. Re1 exd4 10. Nxd4 c6 11. b3 Ng4 12. Bb2 Nc5 13. b4 Qf6 14. Nf3 Nxe4 15. Nxe4 Qxb2 16. Rb1 Qxa2 17. Nxd6 Qxf2+ 18. Kh1 Rd8 19. c5 Ne3 20. Rxe3 Qxe3 21. Rb3 Qe7 22. Qd2 Be6 23. Ra3 Bd5 24. Re3 Qc7 25. Qe1 Bf8 26. Ng5 Bxd6 27. cxd6 Bxg2+ 28. Kxg2 Qxd6 29. Qf2 Qd2 30. Re2 Qd5+ 31. Nf3 Re8 32. Rd2 Qe4 33. Kg1 Qe3 0-1

[Event "January 9 Early 2024"]
[Site "https://www.chess.com"]
[Date "2024.01.11"]
[Round "10"]
[White "Anton Guijarro, David"]
[Black "Klekowski, Maciej"]
[Result "0-1"]
[Board "88"]
[TimeControl "180+1"]
[WhiteFideId "2285525"]
[BlackFideId "1132717"]
[WhiteElo "2968"]
[BlackElo "2882"]
[WhiteTeam "ESP"]
[BlackTeam "POL"]
[WhiteClock "0:00:07"]
[BlackClock "0:00:36"]

1. Nf3 d5 2. e3 Nf6 3. c4 e6 4. Nc3 Bd6 5. b3 c6 6. d4 Nbd7 7. Bb2 O-O 8. Bd3 Qe7 9. h3 a6 10. O-O dxc4 11. bxc4 e5 12. c5 Bc7 13. Bc2 Re8 14. Re1 h6 15. Nh4 Nf8 16. Nf5 Bxf5 17. Bxf5 Rad8 18. Ne2 e4 19. h4 Rd5 20. Bh3 Rh5 21. g3 g5 22. d5 Be5 23. d6 Qd8 24. Rb1 Ng6 25. Bxe5 Nxe5 26. Nd4 gxh4 27. g4 Nfxg4 28. Bxg4 Nxg4 29. Rxb7 Qg5 30. Kf1 h3 31. Ke2 Qxc5 32. Kd2 Ne5 33. Qxh5 Nc4+ 34. Kc3 Qxh5 35. Kxc4 Qd5+ 36. Kc3 Qa5+ 37. Kc4 Qxe1 38. d7 Rd8 39. Nxc6 Qc1+ 40. Kd5 Rxd7+ 41. Rxd7 h2 42. Ne7+ Kh7 0-1

[Event "January 9 Early 2024"]
[Site "https://www.chess.com"]
[Date "2024.01.11"]
[Round "10"]
[White "Timerkhanov, Alexander"]
[Black "Zou, Chen"]
[Result "0-1"]
[Board "89"]
[TimeControl "180+1"]
[WhiteFideId "24177938"]
[BlackFideId "8610959"]
[WhiteElo "2660"]
[BlackElo "2812"]
[WhiteTeam "RUS"]
[BlackTeam "CHN"]
[WhiteClock "0:00:04"]
[BlackClock "0:00:48"]

1. d4 d6 2. Bg5 c6 3. c3 Qa5 4. Bh4 Nf6 5. Nd2 Nbd7 6. Ngf3 g6 7. e4 Bg7 8. Bd3 Nh5 9. O-O h6 10. Re1 g5 11. Bg3 Nxg3 12. hxg3 g4 13. Nh4 Qg5 14. Nf1 h5 15. Ne3 e6 16. d5 Ne5 17. Bf1 Qe7 18. c4 Bf6 19. dxc6 bxc6 20. b4 Rg8 21. b5 cxb5 22. cxb5 Bb7 23. Nc4 Nxc4 24. Bxc4 Bxa1 25. Qxa1 O-O-O 26. a4 Kb8 27. a5 Rc8 28. Bd3 Rg5 29. a6 Ba8 30. Rb1 Rgc5 31. b6 axb6 32. Rxb6+ Ka7 33. Rb1 Qg5 34. Kh2 Qd2 35. Qd4 Qa5 36. Qxd6 Qd8 37. e5 Qxd6 38. exd6 Rd5 39. Be4 Rxd6 40. Bxa8 Kxa8 41. Rb7 Rf8 42. Re7 Rxa6 43. f3 Ra7 0-1

[Event "January 9 Early 2024"]
[Site "https://www.chess.com"]
[Date "2024.01.11"]
[Round "10"]
[White "Matta, Nicholas"]
[Black "Mikhailovsky, Vladimir"]
[Result "0-1"]
[Board "90"]
[TimeControl "180+1"]
[WhiteFideId "30914523"]
[BlackFideId "34105414"]
[WhiteElo "2580"]
[BlackElo "2816"]
[WhiteTeam "USA"]
[BlackTeam "RUS"]
[WhiteClock "0:00:01"]
[BlackClock "0:00:09"]

1. Nf3 d6 2. b3 e5 3. Bb2 c5 4. c4 Nc6 5. Nc3 g6 6. e3 Bg7 7. Be2 Nge7 8. O-O O-O 9. Rc1 b6 10. d3 Bb7 11. a3 d5 12. cxd5 Nxd5 13. Nd2 Qd7 14. Nxd5 Qxd5 15. Ne4 Rad8 16. Qc2 Rd7 17. Rfd1 Rfd8 18. Bf3 Qe6 19. h3 h6 20. Qc4 Qe7 21. Nc3 Na5 22. Qb5 Bxf3 23. gxf3 Qh4 24. Kg2 Qg5+ 25. Kh2 Qf5 26. b4 Qxf3 27. Ne4 Nb7 28. bxc5 Nxc5 29. Nxc5 Qxf2+ 30. Kh1 bxc5 31. Rxc5 Qf3+ 32. Kh2 Qxd1 0-1

[Event "January 9 Early 2024"]
[Site "https://www.chess.com"]
[Date "2024.01.11"]
[Round "10"]
[White "Bazilius, Augustinas"]
[Black "Goncalves, Samuel Jesus P"]
[Result "0-1"]
[Board "91"]
[TimeControl "180+1"]
[WhiteFideId "12832251"]
[BlackFideId "1945130"]
[WhiteElo "2505"]
[BlackElo "2427"]
[WhiteTeam "LTU"]
[BlackTeam "POR"]
[WhiteClock "0:00:31"]
[BlackClock "0:00:08"]

1. b3 d5 2. Bb2 Bf5 3. Nf3 e6 4. g3 Nf6 5. d3 h6 6. Bg2 Be7 7. O-O O-O 8. Nbd2 c6 9. c4 Nbd7 10. Qc2 Bh7 11. a3 a5 12. Rac1 Re8 13. Qb1 Qb6 14. Qa1 Qa6 15. Rfe1 Bc5 16. Ne5 Nxe5 17. Bxe5 Ng4 18. Bd4 Bxd4 19. Qxd4 Nf6 20. Nf3 b5 21. cxb5 Qxb5 22. Ne5 Qxb3 23. Rc3 Qb2 24. Nxc6 Kh8 25. Rec1 Rac8 26. R1c2 Qa1+ 27. Rc1 Qb2 28. Qa4 d4 29. R3c2 Qb6 30. Nxd4 Rxc2 31. Rxc2 Qb1+ 32. Bf1 Rd8 33. Nc6 Rf8 34. Rc4 Bf5 35. Qxa5 Bh3 0-1

[Event "January 9 Early 2024"]
[Site "https://www.chess.com"]
[Date "2024.01.11"]
[Round "10"]
[White "Durarbayli, Vasif"]
[Black "Giri, Anish"]
[Result "1-0"]
[Board "92"]
[TimeControl "180+1"]
[WhiteFideId "13402935"]
[BlackFideId "24116068"]
[WhiteElo "2847"]
[BlackElo "2983"]
[WhiteTeam "AZE"]
[BlackTeam "NED"]
[WhiteClock "0:00:17"]
[BlackClock "0:00:01"]

1. e4 c5 2. Nf3 d6 3. d4 cxd4 4. Nxd4 Nf6 5. Nc3 a6 6. Be2 e5 7. Nb3 Be7 8. Be3 Be6 9. Nd5 Nbd7 10. Qd3 Bxd5 11. exd5 O-O 12. g4 e4 13. Qd2 Ne5 14. g5 Nfg4 15. Bf4 e3 16. fxe3 Bxg5 17. O-O-O Nf2 18. Rhg1 Nh3 19. Rg3 Nxf4 20. exf4 Bh6 21. Rh3 Ng6 22. Rxh6 gxh6 23. f5 Ne5 24. Qxh6 Kh8 25. f6 Rg8 26. Bh5 Rc8 27. Rd4 Rg1+ 28. Bd1 Qg8 29. Qh3 Qg5+ 30. Nd2 Rg8 31. Rh4 Qg6 32. Rh6 Nd3+ 33. cxd3 Rxd1+ 34. Kxd1 Qg1+ 35. Kc2 Qc5+ 36. Nc4 Qf2+ 37. Kb3 1-0

[Event "January 9 Early 2024"]
[Site "https://www.chess.com"]
[Date "2024.01.11"]
[Round "10"]
[White "Zhu, Hengyi"]
[Black "Svane, Frederik"]
[Result "1-0"]
[Board "93"]
[TimeControl "180+1"]
[WhiteFideId "8611211"]
[BlackFideId "12923044"]
[WhiteElo "2834"]
[BlackElo "2972"]
[WhiteTeam "CHN"]
[BlackTeam "GER"]
[WhiteClock "0:00:28"]
[BlackClock "0:00:01"]

1. e4 a6 2. d4 e6 3. Nf3 d5 4. e5 Bd7 5. a4 c5 6. c3 Nc6 7. Be2 Nge7 8. O-O cxd4 9. cxd4 Nf5 10. Na3 Rc8 11. Nc2 Na5 12. Ne3 Nxe3 13. Bxe3 Be7 14. Bd3 O-O 15. Rb1 h6 16. Bc2 Qc7 17. Rc1 Qc4 18. b3 Qb4 19. Qd3 Rxc2 20. Rxc2 Bc6 21. Rb1 Qb6 22. Nd2 Bd7 23. h3 Nc6 24. Qe2 Nb4 25. Rc3 Na2 26. Rc2 Nb4 27. Rcc1 a5 28. Nf1 Qd8 29. Ng3 Re8 30. Nh5 Kh8 31. Qg4 Bf8 32. Rc3 b5 33. Bxh6 gxh6 34. h4 f5 35. Qg6 Qxh4 36. Nf6 Qxf6 37. exf6 Ra8 38. Rg3 1-0

[Event "January 9 Early 2024"]
[Site "https://www.chess.com"]
[Date "2024.01.11"]
[Round "10"]
[White "Limontaite, Simona"]
[Black "Ezat, Mohamed"]
[Result "1-0"]
[Board "94"]
[TimeControl "180+1"]
[WhiteFideId "12802506"]
[BlackFideId "10600906"]
[WhiteElo "2332"]
[BlackElo "2456"]
[WhiteTeam "LTU"]
[BlackTeam "EGY"]
[WhiteClock "0:01:05"]
[BlackClock "0:00:12"]

1. d4 Nf6 2. c4 c5 3. d5 e5 4. Nc3 d6 5. e4 g6 6. Bd3 Bg7 7. Nge2 O-O 8. h3 a6 9. Be3 Nh5 10. g3 f5 11. Qd2 b5 12. cxb5 axb5 13. Bxb5 Ba6 14. Bxa6 Nxa6 15. Bh6 Qb6 16. Bxg7 Kxg7 17. O-O Rab8 18. Rab1 f4 19. g4 f3 20. gxh5 fxe2 21. Nxe2 Rf6 22. h6+ Kg8 23. Qe3 Rbf8 24. f4 exf4 25. Rxf4 Rxf4 26. Nxf4 Nb4 27. a3 Nc2 28. Qg3 Nd4 29. Kh2 Qb5 30. Rg1 Qxb2+ 31. Rg2 Qb1 32. Nxg6 Nf3+ 33. Qxf3 Rxf3 34. Nh4+ Kf7 35. Nxf3 Qb2 36. Ng5+ Kg6 37. Ne6+ Kxh6 38. Rxb2 Kh5 39. Rg2 Kh4 40. Rg4+ Kh5 41. Kg3 c4 42. Rf4 c3 43. Rf3 c2 44. Rc3 h6 45. Kf2 Kh4 46. Rxc2 h5 47. a4 Kxh3 48. Nf4+ Kh4 49. Nxh5 Kh3 50. a5 Kg4 51. a6 Kxh5 52. a7 Kg4 53. a8=Q Kf4 54. Qf8+ Ke5 55. Qg7+ Kxe4 56. Re2+ Kd3 57. Qg6+ Kc4 58. Qe4+ Kc5 59. Rc2+ Kb6 60. Qb4+ Ka7 61. Ra2# 1-0